 Dungeon Crawl Stone Soup version 0.27.1-33-g824d729ab1 (webtiles) character file.

Game seed: 15236676568128372050

16342 Amplified the Fighter (level 12, -3/165 HPs)
             Began as a Minotaur Earth Elementalist on Dec 24, 2021.
             Was an Initiate of Gozag.
             Slain by a boulder beetle (17 damage)
             ... on level 12 of the Dungeon.
             The game lasted 00:20:53 (15626 turns).

Amplified the Fighter (MiEE)                       Turns: 15626, Time: 00:20:54

Health: -3/165     AC: 26    Str: 15    XL:     12   Next: 9%
Magic:  21/21      EV:  2    Int: 13    God:    Gozag
Gold:   1418       SH: 10    Dex: 13    Spells: 18/24 levels left

rFire    + . .     SeeInvis .   p - +7 flail of the Saving Ancients {venom, rElec rN+}
rCold    . . .     Faith    .   z - +0 kite shield
rNeg     + + +     Spirit   .   (armour currently unavailable)
rPois    +         Reflect  .   (helmet currently unavailable)
rElec    +         Harm     .   (cloak currently unavailable)
rCorr    .         Rampage  .   (gloves currently unavailable)
Will     .....     NoTele   +   (boots currently unavailable)
Stlth    ++........             s - amulet of regeneration
HPRegen  1.37/turn              a - ring of protection from fire
MPRegen  0.17/turn              t - +4 ring of slaying

@: mighty, tree-form, gold aura
A: stationary, stasis, torment immunity, boosted hp, (horns 2), (retaliatory
headbutt)
a: Renounce Religion, Potion Petition, Call Merchant, Bribe Branch


You were on level 12 of the Dungeon.
You worshipped Gozag.
Gozag was most pleased with you.
You were a tree.
You visited 2 branches of the dungeon, and saw 13 of its levels.
You also visited: Bailey.

You collected 3352 gold pieces.
You spent 1808 gold pieces at shops.
You paid 126 gold pieces to Gozag.

Inventory:

Hand Weapons
 h - a +2 mace of electrocution
 k - a +1 great mace of holy wrath
 p - the +7 flail of the Saving Ancients (weapon) {venom, rElec rN+}
   (You took it off a wight on level 7 of the Dungeon)

   It poisons the flesh of those it strikes.
   rElec:     It insulates you from electricity.
   rN:        It protects you from negative energy.
Missiles
 c - 354 stones (quivered)
 e - 30 poisoned darts
Armour
 g - a +1 ring mail (melded)
 i - a +2 pair of boots (melded)
 n - a +2 pair of gloves (melded)
 z - a +0 kite shield (worn)
 K - a +1 cloak of willpower (melded)
Jewellery
 a - a ring of protection from fire (left branch)
 d - a ring of wizardry
 l - a ring of magical power
 s - an amulet of regeneration (around neck)
 t - a +4 ring of slaying (right branch)
 v - a ring of protection from fire
 y - a +4 ring of evasion
 E - a ring of ice
 I - a +6 ring of intelligence
Wands
 x - a wand of iceblast (8)
 D - a wand of mindburst (1)
 H - a wand of flame (34)
Scrolls
 f - a scroll of fear
 j - 4 scrolls of teleportation
 m - a scroll of magic mapping
 o - 2 scrolls of noise
 r - 3 scrolls of amnesia
 A - a scroll of fog
 F - 3 scrolls of identify
Potions
 u - a potion of haste
 w - a potion of brilliance
 B - a potion of flight
 G - a potion of curing
 J - a potion of mutation {unknown}


   Skills:
 * Level 11.0 Fighting
 * Level 10.9 Maces & Flails
 - Level 8.3 Armour
 - Level 8.1 Dodging
 - Level 1.5 Stealth
 * Level 7.2 Shields
 * Level 6.8 Spellcasting
 - Level 0.7 Transmutations
 - Level 2.4 Earth Magic


You had 18 spell levels left.
You knew the following spells:

 Your Spells              Type           Power      Damage    Failure   Level
a - Sandblast             Erth           20%        2d7       16%         1
b - Passwall              Tmut/Erth      6%         N/A       32%         2
c - Stone Arrow           Conj/Erth      14%        3d7       61%         3

Your spell library contained the following spells:

 Spells                   Type           Power      Damage    Failure   Level
 Petrify                  Tmut/Erth      8%         N/A       91%         4
 Lee's Rapid Deconstruct  Erth           5%         3d7*      99%         5


Dungeon Overview and Level Annotations

Branches:
Dungeon (12/15)            Temple (1/1) D:4            Lair (0/6) D:8
    Orc (0/2) D:9          Bailey (visited)

Altars:
Ashenzari
Cheibriados
Dithmenos
Elyvilon
Fedhas
Gozag
Hepliaklqana
Kikubaaqudgha
Okawaru
Qazlal
Ru
Sif Muna
Trog
Uskayaw
Vehumet
Xom
Yredelemnul
Zin
The Shining One

Shops:
D:2 (   D:3 =   D:6 (   D:8 *

Annotations:
D:6 3 runed translucent doors, Cykl0x's ghost, novice TrTm
D:10 1 runed translucent door
D:12 Frances


Innate Abilities, Weirdness & Mutations

You are a tree.
Your roots penetrate the ground, keeping you stationary.
You cannot be teleported.
You are immune to unholy pain and torment.
Your maximum health is greatly increased.
Your equipment is partially melded.
((You have a pair of horns on your head.))
((You reflexively headbutt those who attack you in melee.))


Message History

Your +1 cloak of willpower melds into your body.
Your +2 pair of gloves melds into your body.
Your +2 pair of boots melds into your body.
Your +1 ring mail melds into your body.
You feel less strong-willed.
Your roots penetrate the ground.
Frances hits you but does no damage.
Unknown command.
Unknown command.
You feel better. You block Frances's attack.
Frances hits you but does no damage.
Unknown command.
Okay, then.
You sock Frances!
Frances looks as sick as possible!
Frances is heavily wounded.
Frances hits you with a +0 hand axe.
You thump Frances!
Frances looks as sick as possible!
Frances is heavily wounded.
You block Frances's attack. You block the boulder beetle's attack.
The boulder beetle stops rolling and uncurls.
Frances mutters in a terrible tongue.
The iron shot hits you!!
Unknown command.
You sock Frances!
Frances looks as sick as possible!
Frances is severely wounded.
The boulder beetle bites you!
Frances whispers indecipherable words.
Unknown command.
You bludgeon Frances!!
Frances looks as sick as possible!
Frances is almost dead.
Frances sneers.
Frances chants phrases taken from a devil's mouth.
The iron shot hits you!!!
* * * LOW HITPOINT WARNING * * *
The boulder beetle bites you but does no damage.
Frances hits you but does no damage.
The chaos spawn gores you but does no damage.
You sock Frances!
Frances looks as sick as possible!
Frances is almost dead.
The boulder beetle bites you!
You die...
Your body crumbles into a pile of gold.

#.....#...#.....#
#.....#...#.....#
#####.....#..##.....#
...########..#......#
.............#.(###.#
...^.........#..###.#
.............#......#
.............#...4..#
.............#..♣...#
.............#..@B..#
..############......#
### #......# ..#
#......# ..# #......#
..# +......# ..#
#......# ..#


You could see Frances (fast, extremely poisoned), a boulder beetle and a chaos
spawn (summoned).

Vanquished Creatures
  Kirke (D:12)
  Fannar (D:11)
  A boulder beetle (D:11)
  2 hydras (D:12)
  Erica (D:11)
  3 two-headed ogres
  3 cyclopes
  2 manticores
  An ugly thing (D:10)
  A komodo dragon (D:8)
  2 hornets (D:9)
  Sigmund (D:2)
  A shadow (D:11)
  Grum (D:10)
  4 hogs (D:12)
  2 steam dragons
  A black bear (D:5)
  10 orc warriors
  A hornet zombie (D:5)
  2 ogres
  6 ice beasts
  4 wolves (D:9)
  4 centaurs
  A kobold brigand (D:9)
  A wyvern zombie (D:8)
  2 bullfrogs
  2 scorpions
  A water moccasin zombie (D:3)
  17 wights
  7 howler monkeys
  A bullfrog zombie (D:7)
  2 centaur zombies
  A bullfrog skeleton (D:6)
  2 jellies
  6 orc priests
  A hound (D:3)
  4 iguanas
  7 orc wizards
  A killer bee zombie (D:6)
  A howler monkey zombie (D:8)
  4 gnolls (D:7)
  5 adders
  A shadow imp (D:6)
  2 white imps
  2 ufetubi
  3 worms (D:3)
  3 dart slugs
  46 orcs
  3 ball pythons
  8 endoplasms
  A giant cockroach (D:1)
  6 goblins
  7 hobgoblins
  14 kobolds
  7 quokkas
  11 bats
  3 frilled lizards
  4 rats
242 creatures vanquished.

Vanquished Creatures (others)
  Maurice (D:12)
  2 fungi (D:3)
  8 plants
  4 toadstools (D:1)
15 creatures vanquished.

Grand Total: 257 creatures vanquished

Notes
Turn   | Place    | Note
-------+----------+-------------------------------------------
     0 | D:1      | Amplified the Minotaur Earth Elementalist began the quest
                  | for the Orb.
     0 | D:1      | Reached XP level 1. HP: 14/14 MP: 1/1
   283 | D:1      | Reached XP level 2. HP: 22/22 MP: 3/3
   438 | D:1      | Reached skill level 1 in Fighting
   440 | D:1      | Reached skill level 1 in Armour
  1100 | D:1      | Reached XP level 3. HP: 28/28 MP: 4/4
  1630 | D:2      | Found Vestro Kebbi's Antique Weapon Boutique.
  1720 | D:2      | Reached skill level 1 in Maces & Flails
  1754 | D:2      | Noticed Sigmund
  1851 | D:3      | Found a shadowy altar of Dithmenos.
  1980 | D:3      | Reached XP level 4. HP: 25/36 MP: 0/5
  2442 | D:3      | Reached skill level 2 in Fighting
  2459 | D:3      | HP: 1/36 [adder (3)]
  2861 | D:3      | Found a white marble altar of Elyvilon.
  2938 | D:3      | Reached XP level 5. HP: 38/42 MP: 3/7
  3011 | D:3      | Found a basalt altar of Yredelemnul.
  3011 | D:3      | Found a radiant altar of Vehumet.
  3476 | D:4      | Found a blossoming altar of Fedhas.
  3476 | D:4      | Found an ancient bone altar of Kikubaaqudgha.
  3509 | D:4      | You fall into a shaft and drop 2 floors!
  3510 | D:6      | Noticed Cykl0x's ghost (novice TrTm)
  3514 | D:6      | Found a runed translucent gate.
  3514 | D:6      | Found a runed translucent gate.
  3514 | D:6      | Found a runed translucent gate.
  3514 | D:6      | Noticed a vampire mosquito
  4022 | D:6      | Learned a level 2 spell: Passwall
  4026 | D:6      | Learned a level 3 spell: Stone Arrow
  4060 | D:6      | Noticed a steam dragon
  4083 | D:5      | Entered Level 5 of the Dungeon
  4087 | D:5      | Reached skill level 3 in Fighting
  4087 | D:5      | Reached XP level 6. HP: 45/51 MP: 4/8
  4669 | D:5      | Noticed an ice beast
  4685 | D:5      | Killed an ice beast
  4686 | D:5      | Reached XP level 7. HP: 58/58 MP: 7/10
  5137 | D:6      | Found a bloodstained altar of Trog.
  5329 | D:5      | Reached skill level 4 in Fighting
  5503 | D:5      | Found a broken altar of Ashenzari.
  5641 | D:3      | Found a stormy altar of Qazlal.
  5697 | D:2      | Bought a glowing great mace for 275 gold pieces
  5715 | D:2      | Killed Sigmund
  5965 | D:2      | Reached skill level 5 in Dodging
  6048 | D:2      | Found a faded altar of an unknown god.
  6233 | D:3      | Found Diwaoxt's Jewellery Shoppe.
  6291 | D:3      | Reached XP level 8. HP: 56/67 MP: 11/11
  6651 | D:4      | Found a staircase to the Ecumenical Temple.
  6674 | Temple   | Entered the Ecumenical Temple
  6764 | D:4      | Found a sacrificial altar of Ru.
  7638 | D:4      | Found a faded altar of an unknown god.
  7638 | D:4      | Found a faded altar of an unknown god.
  7638 | D:4      | Found a faded altar of an unknown god.
  7638 | D:4      | Found a faded altar of an unknown god.
  7640 | D:4      | Found a hazy altar of Hepliaklqana.
  7640 | D:4      | Found a faded altar of an unknown god.
  7761 | D:5      | Reached skill level 5 in Fighting
  7761 | D:5      | Reached skill level 5 in Armour
  7836 | D:5      | Reached skill level 5 in Maces & Flails
  8080 | D:5      | Identified a scroll of acquirement
  8080 | D:5      | Acquired 1270 gold pieces
  8160 | Temple   | Became a worshipper of Gozag Ym Sagoz the Greedy
  8213 | D:3      | Bought a +4 ring of slaying for 1014 gold pieces
  8732 | D:6      | Found Adoskosch's Firing Range.
  8737 | D:6      | Bought a throwing net for 36 gold pieces
  8888 | D:7      | Reached skill level 6 in Fighting
  8922 | D:7      | Reached XP level 9. HP: 57/75 MP: 13/13
  9044 | D:7      | Found a flagged portal.
  9196 | Bailey   | Entered a bailey
 10064 | D:7      | Identified the +7 flail of the Saving Ancients {venom,
                  | rElec rN+}
 10489 | D:7      | Identified the +1 robe of Mezcal {Drain Str+4 Dex+5}
 10531 | D:8      | Noticed a manticore
 10538 | D:7      | Killed a manticore
 10539 | D:7      | Reached skill level 7 in Fighting
 10797 | D:8      | Noticed a two-headed ogre
 10805 | D:8      | Killed a two-headed ogre
 10806 | D:8      | Reached XP level 10. HP: 88/88 MP: 9/16
 10908 | D:8      | Found a staircase to the Lair.
 11371 | D:8      | Found Obbitu's Neck Hole.
 11378 | D:8      | Bought a +0 cloak for 63 gold pieces
 11383 | D:8      | Bought an amulet of regeneration for 420 gold pieces
 11481 | D:8      | Reached skill level 8 in Fighting
 11936 | D:9      | Found a staircase to the Orcish Mines.
 11960 | D:9      | Paralysed by a hornet for 2 turns
 11962 | D:9      | Reached skill level 5 in Spellcasting
 13003 | D:10     | Entered Level 10 of the Dungeon
 13003 | D:10     | Noticed Grum
 13010 | D:9      | Reached skill level 1 in Shields
 13072 | D:10     | Noticed a deep elf knight
 13072 | D:10     | Noticed a yaktaur captain
 13072 | D:10     | Noticed a flayed ghost
 13073 | D:10     | Found a runed translucent door.
 13075 | D:10     | Noticed a deep elf zephyrmancer
 13075 | D:10     | Noticed a deep troll
 13075 | D:10     | Noticed a fire giant
 13075 | D:10     | Noticed a deep troll
 13075 | D:10     | Noticed a deep troll
 13170 | D:10     | Killed Grum
 13247 | D:10     | Found a glowing golden altar of the Shining One.
 13329 | D:10     | Reached skill level 9 in Fighting
 13707 | D:10     | Noticed a brown ugly thing
 13713 | D:10     | Killed a brown ugly thing
 13917 | D:10     | Noticed a swamp dragon
 13918 | D:10     | Noticed a fire crab
 13918 | D:10     | a swamp dragon changed into a fire crab
 13970 | D:11     | Noticed a cyclops
 13976 | D:11     | Killed a cyclops
 13977 | D:11     | Reached XP level 11. HP: 85/97 MP: 18/18
 14049 | D:11     | Noticed Erica
 14060 | D:11     | Killed Erica
 14145 | D:11     | Noticed a two-headed ogre
 14150 | D:11     | Killed a two-headed ogre
 14320 | D:11     | Noticed a boulder beetle
 14330 | D:11     | Killed a boulder beetle
 14331 | D:11     | Reached skill level 5 in Shields
 14709 | D:11     | Found a snail-covered altar of Cheibriados.
 14711 | D:11     | Found a basalt altar of Yredelemnul.
 14711 | D:11     | Found a stormy altar of Qazlal.
 14713 | D:11     | Found a radiant altar of Vehumet.
 14713 | D:11     | Found a shimmering altar of Xom.
 14713 | D:11     | Found an opulent altar of Gozag.
 14822 | D:12     | Noticed a seven-headed hydra
 14827 | D:12     | Killed a seven-headed hydra
 14828 | D:12     | Reached skill level 10 in Fighting
 14828 | D:12     | Reached skill level 10 in Maces & Flails
 14956 | D:12     | Noticed Kirke
 14971 | D:12     | Noticed a sphinx
 14983 | D:12     | Killed Kirke
 14984 | D:12     | Noticed Fannar
 14995 | D:11     | Killed Fannar
 15143 | D:12     | Noticed Maurice
 15152 | D:12     | Killed Maurice
 15373 | D:12     | Noticed a five-headed hydra
 15380 | D:12     | Killed a five-headed hydra
 15381 | D:12     | Reached XP level 12. HP: 86/108 MP: 19/21
 15571 | D:12     | Noticed a two-headed ogre
 15578 | D:12     | Killed a two-headed ogre
 15579 | D:12     | Reached skill level 11 in Fighting
 15613 | D:12     | Noticed Frances
 15617 | D:12     | Noticed a boulder beetle
 15626 | D:12     | Slain by a boulder beetle

Illustrated notes

Levels and vault maps discovered:
D:1:      onia_arrival_pyramid, layout_basic, minmay_gold_behind_fungi
D:2:      layout_basic, dreamdust_ecumenical_altar_angels_and_demons,
          serial_shops, nicolae_shop_stone, kennysheep_generic_room_16,
          uniq_sigmund
D:3:      layout_loops_corners, mainiacjoe_overflow_chevrons,
          mainiacjoe_overflow_24_doors, mainiacjoe_overflow_boulevard,
          mainiacjoe_overflow_divided_tiny, serial_shops, nicolae_shop_trees,
          serial_bayou, serial_bayou_crossing, serial_bayou_lake_a,
          serial_bayou_pond_b, serial_bayou_shore_b, serial_bayou_pond_d,
          grunt_ministairs_10, minmay_close_crescents
D:4:      layout_cave_pools, grunt_temple_overflow_growth_and_decay,
          nicolae_ru_the_path_less_chosen,
          nicolae_hepliaklqana_ecumenical_no_more,
          minmay_temple_entry_large_hall
D:5:      layout_basic, general_overflow_altar
D:6:      layout_gridville, mainiacjoe_overflow_surrounded_room,
          gammafunk_ghost_split, chequers_arboretum,
          chequers_serial_rivers_micro_e, grunt_ministairs_2,
          nicolae_shop_firing_range
D:7:      layout_rooms, enter_bailey_7
D:8:      layout_basic, david_lair_shrubbed, nicolae_shop_sticking_my_neck_out
D:9:      layout_stronghold, orc_0_dummy
D:10:     minmay_gate_of_8, layout_basic, mainiacjoe_overflow_alcove_1,
          uniq_grum
D:11:     layout_roguey, minmay_crystal_room, doesnt_xom_only_xom, uniq_erica
D:12:     layout_stronghold, serial_shops, kennysheep_little_box, uniq_kirke,
          uniq_fannar, uniq_frances, uniq_maurice
Temple:   eino_temple_lava

Skill      XL: |  1  2  3  4  5  6  7  8  9 10 11 12 |
---------------+-------------------------------------+-----
Fighting       | 1 2 3 4 6 7 9 10 11 | 11.0
Armour         | 1 2 3 4 6 7 8 |  8.3
Maces & Flails | 1 2 3 4 5 7 9 10 | 10.9
Dodging        | 3 4 5 6 7 8 |  8.1
Spellcasting   | 2 3 4 5 6 |  6.8
Shields        | 3 7 |  7.2
Stealth        | |  1.5
Transmutations | |  0.7
Earth Magic    | |  2.4

Action                   |  1- 3 |  4- 6 |  7- 9 | 10-12 || total
-------------------------+-------+-------+-------+-------++-------
Melee: Unarmed           |     6 |       |       |       ||     6
       Short sword       |    10 |       |       |       ||    10
       Headbutt          |     7 |    10 |    35 |    43 ||    95
       Morningstar       |    48 |    76 |    49 |       ||   173
       Great mace        |       |       |   161 |       ||   161
       Flail             |       |       |    17 |   270 ||   287
Throw: Dart              |       |     1 |    15 |       ||    16
       Throwing net      |       |       |     1 |       ||     1
       Stone             |       |       |       |     1 ||     1
 Cast: Sandblast         |    16 |    29 |    17 |       ||    62
       Stone Arrow       |       |       |     7 |     1 ||     8
Evoke: Wand              |       |       |     5 |    13 ||    18
  Use: Potion            |     2 |     3 |     5 |     4 ||    14
       Scroll            |       |     4 |    10 |     3 ||    17
 Stab: Sleeping          |     2 |       |       |       ||     2
       Paralysed         |       |       |     6 |       ||     6
       Distracted        |       |       |     1 |     1 ||     2
       Held in net/web   |       |       |     1 |       ||     1
Armor: Robe              |    21 |     6 |       |       ||    27
       Ring mail         |       |    33 |    97 |   109 ||   239
       Skin              |       |       |       |     5 ||     5
Dodge: Dodged            |    67 |    58 |   181 |   154 ||   460
Block: Kite shield       |       |       |       |    67 ||    67
